 Dungeon Crawl Stone Soup version 0.23.2-11-gf996548c65 (webtiles) character file.

Game seed: 2013240871231199473

866 Andrea the Insei (level 8, -5/52 HPs)
             Began as an Octopode Transmuter on June 3, 2019.
             Hit by a large rock thrown by a cyclops (13 damage)
             ... on level 5 of the Dungeon.
             The game lasted 00:07:14 (4864 turns).

Andrea the Insei (Octopode Transmuter)              Turns: 4864, Time: 00:07:14

Health: -5/52      AC:  2    Str: 11    XL:     8   Next: 3%
Magic:  8/13       EV: 19    Int: 16    God:
Gold:   267        SH:  0    Dex: 17    Spells: 4/14 levels left

rFire    . . .     SeeInvis .     - Unarmed
rCold    . . .     Gourm    .   (shield currently unavailable)
rNeg     + . .     Faith    .   (helmet currently unavailable)
rPois    x         Spirit   .   (no amulet)
rElec    .         Reflect  .   i - ring of positive energy
rCorr    .         Harm     .   (no ring)
MR       .....                  (no ring)
Stlth    ++........             (no ring)
HPRegen  0.17/turn              (no ring)
MPRegen  0.13/turn              (no ring)
                                (no ring)
                                (no ring)

@: spider-form (expiring)
A: tiny, almost no armour, stealthy swim, (amphibious), 8 rings, (constrict 8)
a: End Transformation


You were on level 5 of the Dungeon.
You were hungry.
You were a venomous arachnid creature.
You visited 2 branches of the dungeon, and saw 6 of its levels.

You collected 267 gold pieces.

Inventory:

Missiles
 a - 70 arrows
Jewellery
 i - a ring of positive energy (left front leg)
 q - a cursed amulet of inaccuracy {unknown}
Wands
 n - a wand of polymorph (7)
 o - a wand of digging (6)
Scrolls
 b - 2 scrolls of remove curse {unknown}
 d - 2 scrolls of magic mapping {unknown}
 g - 2 scrolls of enchant armour {unknown}
 h - 4 scrolls of teleportation
 k - a scroll of immolation {unknown}
 m - 2 scrolls of fear {unknown}
 p - a scroll of blinking {unknown}
 r - 3 scrolls of identify {unknown}
Potions
 e - a potion of lignification {unknown}
 f - a potion of haste {unknown}
 j - a potion of mutation {unknown}
 l - a potion of degeneration {unknown}
 s - a potion of curing {unknown}
Miscellaneous
 t - a phial of floods
Comestibles
 c - 7 rations


   Skills:
 + Level 3.2 Fighting
 - Level 2.0 Dodging
 * Level 5.4 Unarmed Combat
 + Level 3.5 Spellcasting
 * Level 4.8 Transmutations
 - Level 3.0 Ice Magic
 - Level 2.0 Poison Magic


You had 4 spell levels left.
You knew the following spells:

 Your Spells              Type           Power        Failure   Level  Hunger
a - Beastly Appendage     Tmut           ###...       10%         1    None
b - Sticks to Snakes      Tmut           ###.....     12%         2    ##.....
c - Spider Form           Tmut/Pois      ##........   30%         3    ###....
d - Ice Form              Ice/Tmut       ###.....     56%         4    ####...

Your spell library contained the following spells:

 Spells                   Type           Power        Failure   Level  Hunger
 Blade Hands              Tmut           ###.......   77%         5    ######.


Dungeon Overview and Level Annotations

Branches:
Dungeon (5/15)             Temple (1/1) D:4

Altars:
Elyvilon
Gozag
Hepliaklqana
Makhleb
Nemelex Xobeh
Okawaru
Qazlal
Ru
Sif Muna
Trog
Vehumet
Wu Jian
Yredelemnul
Zin
The Shining One

Annotations:
D:4 3 runed translucent doors, Wicla's ghost, amateur CeHu


Innate Abilities, Weirdness & Mutations

You cannot wear most types of armour.
You are very stealthy in the water. (Stealth+)
((You are amphibious.))
You can wear up to eight rings at the same time.
((You can use your tentacles to constrict eight enemies at once.))
((Your skin changes colour to match your surroundings (Stealth+).))
((Your rubbery body absorbs attacks. (AC +1, EV +1)))


Message History

Unknown command.
You hit the leopard gecko.
You kill the leopard gecko!
Your transformation is almost over.
The cyclops throws a large rock.
The large rock closely misses you.
A sky beast comes into view.
The cyclops throws a large rock.
The large rock barely misses you. The sky beast closely misses you.
You bite the cyclops!
The cyclops is poisoned.
The cyclops is lightly wounded.
The sky beast flickers out of sight!
Deactivating autopickup; reactivate with Ctrl-A.
Something hits you. Something shocks you. The cyclops closely misses you.
You hit the cyclops.
The cyclops looks as sick as possible!
The cyclops is moderately wounded.
Something hits you. Something shocks you. The cyclops hits you!!
* * * LOW HITPOINT WARNING * * *
The centaur skeleton barely misses you.
The cyclops throws a large rock.
The large rock hits you!
You die...

#......... ######...!.....
..
.............########....
..................#....
#...#...#...#...#.#....
#)#C..#(#...#.#....##.
...#...#...#..^#......#.#
....................##.#..
..#...#{Zs#...#...#.##+##.
...#.#...#.#...#.#..#...#.
....#...#...#...#.......##
........................##
..#...#...#..(#...#.##+###
...#.#...#.#...#.#..#..รท..
...#Z..#...#...#....[.###
.....................###
...#...#...#...#.#.....


You could see a cyclops and a centaur skeleton.

Vanquished Creatures
  A phantom (D:5)
  2 eyes of draining (D:3)
  An ogre (D:5)
  Blork the orc (D:4)
  A howler monkey (D:4)
  A crimson imp (D:5)
  A hound (D:5)
  A bullfrog skeleton (D:5)
  Terence (D:2)
  3 worker ants
  3 gnolls (D:3)
  7 adders
  An ooze (D:2)
  6 worms
  2 dart slugs
  4 leopard geckos
  10 orcs
  7 bats
  4 giant cockroaches
  11 goblins
  10 hobgoblins
  8 jackals
  13 kobolds
  2 quokkas
  A ball python skeleton (D:4)
  4 frilled lizards
  6 rats
112 creatures vanquished.

Notes
Turn   | Place    | Note
-------+----------+-------------------------------------------
     0 | D:1      | Andrea the Octopode Transmuter began the quest for the Orb.
     0 | D:1      | Reached XP level 1. HP: 13/13 MP: 3/3
   130 | D:1      | Reached XP level 2. HP: 5/18 MP: 3/5
   134 | D:1      | Learned a level 2 spell: Sticks to Snakes
   564 | D:1      | Reached XP level 3. HP: 23/23 MP: 6/6
   572 | D:1      | Learned a level 3 spell: Spider Form
  1152 | D:2      | Noticed Terence
  1157 | D:2      | Killed Terence
  1157 | D:2      | Reached skill level 1 in Poison Magic
  1157 | D:2      | Reached XP level 4. HP: 24/29 MP: 3/7
  1289 | D:2      | Found a sacrificial altar of Ru.
  1415 | D:2      | Found a deep blue altar of Sif Muna.
  2137 | D:3      | Reached XP level 5. HP: 20/34 MP: 4/8
  2415 | D:3      | Reached skill level 4 in Unarmed Combat
  2499 | D:3      | Found a basalt altar of Yredelemnul.
  2538 | D:3      | Noticed an eye of draining
  2562 | D:3      | Killed an eye of draining
  2562 | D:3      | Reached XP level 6. HP: 39/39 MP: 1/10
  2568 | D:3      | Learned a level 4 spell: Ice Form
  2568 | D:3      | Found a bloodstained altar of Trog.
  2568 | D:3      | Noticed an eye of draining
  2654 | D:3      | Killed an eye of draining
  2749 | D:3      | Reached skill level 1 in Ice Magic
  3423 | D:4      | Found a stormy altar of Qazlal.
  3476 | D:4      | Found a staircase to the Ecumenical Temple.
  3532 | D:4      | Found a runed translucent gate.
  3532 | D:4      | Found a runed translucent gate.
  3534 | D:4      | Found an opulent altar of Gozag.
  3534 | D:4      | Found a runed translucent gate.
  3541 | Temple   | Entered the Ecumenical Temple
  3674 | D:4      | Reached XP level 7. HP: 43/45 MP: 8/11
  3707 | D:4      | Noticed Wicla's ghost (amateur CeHu)
  4016 | D:4      | Noticed Blork the orc
  4028 | D:4      | Killed Blork the orc
  4173 | D:5      | Entered Level 5 of the Dungeon
  4275 | D:5      | Reached skill level 5 in Unarmed Combat
  4677 | D:5      | Reached XP level 8. HP: 28/52 MP: 11/13
  4853 | D:5      | Noticed a cyclops
  4864 | D:5      | Hit by a large rock thrown by a cyclops

Skill      XL: |  1  2  3  4  5  6  7  8 |
---------------+-------------------------+-----
Poison Magic   | 1 2 |  2.0
Transmutations | 3 4 |  4.8
Fighting       | 2 3 |  3.2
Unarmed Combat | 4 5 |  5.4
Spellcasting   | 3 |  3.5
Ice Magic      | 1 2 3 |  3.0
Dodging        | |  2.0

Action                   |  1- 3 |  4- 6 |  7- 9 || total
-------------------------+-------+-------+-------++-------
Melee: Unarmed           |    58 |   157 |    64 ||   279
       Constrict         |    18 |    21 |     2 ||    41
       Kick              |    11 |    11 |     3 ||    25
       Tentacles         |    11 |     6 |     2 ||    19
       Punch             |       |     3 |       ||     3
 Cast: Beastly Appendage |    16 |    18 |     4 ||    38
       Spider Form       |     1 |    12 |     6 ||    19
       Ice Form          |       |       |     2 ||     2
  Use: Scroll            |       |       |     1 ||     1
 Stab: Sleeping          |     1 |     5 |       ||     6
  Eat: Chunk             |     1 |     9 |     5 ||    15
Armor: Skin              |     3 |    11 |     7 ||    21
Dodge: Dodged            |    33 |    99 |    48 ||   180
